 Dungeon Crawl Stone Soup version 0.29.1-2-gbd0b4ee654 (webtiles) character file.

Game seed: 6663611569143910653

51 MTVSty1e the Trooper (level 3, -1/24 HPs)
             Began as a Gargoyle Fighter on Oct 23, 2022.
             Slain by a jelly (3 damage)
             ... on level 3 of the Dungeon.
             The game lasted 00:01:38 (2034 turns).

MTVSty1e the Trooper (Gargoyle Fighter)             Turns: 2034, Time: 00:01:39

Health: -1/24      AC:  5    Str: 21    XL:     3   Next: 83%
Magic:  1/1        EV:  9    Int:  8    God:
Gold:   115        SH:  4    Dex:  9    Spells: 2/2 levels left

rFire   . . .      SeeInvis .   i - +1 hand axe (antimagic)
rCold   . . .      Faith    .   c - +0 buckler
rNeg    + . .      Spirit   .   b - +0 scale mail
rPois   ∞          Reflect  .   (no helmet)
rElec   +          Harm     .   m - +0 cloak
rCorr   .          Rampage  .   j - +0 pair of gloves
Will    .....                   e - +0 pair of boots
Stlth   ..........              (no amulet)
HPRegen 0.08/turn               (no ring)
MPRegen 0.07/turn               (no ring)

@: corroded
A: sickness immunity, AC +3, negative energy resistance 1, electricity
resistance, torment resistance 1, petrification resistance
a: no special abilities


You were on level 3 of the Dungeon.
You visited 1 branch of the dungeon, and saw 3 of its levels.

You collected 115 gold pieces.

Inventory:

Hand Weapons
 a - a +0 war axe
 i - a +1 antimagic hand axe (weapon)
Armour
 b - a +0 scale mail (worn)
 c - a +0 buckler (worn)
 e - a +0 pair of boots (worn)
 j - a +0 pair of gloves (worn)
 m - a +0 cloak (worn)
Jewellery
 k - a ring of magical power
Scrolls
 g - a scroll of blinking {unknown}
 h - a scroll of identify {unknown}
 l - 2 scrolls of teleportation {unknown}
Potions
 d - a potion of might
 f - a potion of lignification {unknown}


   Skills:
 + Level 4.0 Fighting
 * Level 3.1 Axes
 - Level 3.2 Armour
 - Level 3.2 Shields


You had 2 spell levels left.
You didn't know any spells.
Your spell library was empty.

Dungeon Overview and Level Annotations

Branches:
Dungeon (3/15)

Altars:


Innate Abilities, Weirdness & Mutations

You are immune to sickness and miasma.
Your stone body is resilient. (AC +3)
You are immune to poison.
You resist negative energy. (rN+)
You are resistant to electric shocks. (rElec)
You are resistant to unholy torment.
You are immune to petrification.


Message History

You see here a bat skeleton.
Key pressed, stopping explore.
Done exploring.
Unknown command.
Done exploring.
Done exploring.
You see here 5 stones.
There is a stone staircase leading down here.
You climb downwards.
The jelly quivers.
Found 8 gold pieces.
Found an escape hatch in the floor.
There is a stone staircase leading up here.
The jelly hits you. The acid corrodes you!
You are splashed with acid!
You barely miss the jelly. The jelly hits you but does no damage.
You barely miss the jelly. The jelly barely misses you.
You hit the jelly but do no damage.
Your hands burn!
The jelly hits you. The acid corrodes you!
You are splashed with acid!
* * * LOW HITPOINT WARNING * * *
You are too injured to fight recklessly!
You are too injured to fight recklessly!
You are too injured to fight recklessly!
You are too injured to fight recklessly!
You are too injured to fight recklessly!
You are too injured to fight recklessly!
You are too injured to fight recklessly!
You are too injured to fight recklessly!
You are too injured to fight recklessly!
You are too injured to fight recklessly!
You are too injured to fight recklessly!
You are too injured to fight recklessly!
You are too injured to fight recklessly!
You are too injured to fight recklessly!
You are too injured to fight recklessly!
You are too injured to fight recklessly!
Unknown command.
You hit the jelly but do no damage.
Your hands burn!
* * * LOW HITPOINT WARNING * * *
The jelly hits you but does no damage. The jelly attacks as you move away!
The jelly hits you.
You die...

###########
#.........###
#.....@J....#
#..<......#.#
..............#
###...........#
....#.........#
### #.........#
#.........#
#.......>$#
#####.#####


You could see a jelly.

Vanquished Creatures
  An iguana (D:2)
  A worm (D:2)
  2 bats (D:2)
  2 endoplasms
  4 goblins
  3 hobgoblins (D:1)
  2 quokkas
  4 ball pythons
  A kobold (D:2)
20 creatures vanquished.

Notes
Turn   | Place    | Note
-------+----------+-------------------------------------------
     0 | D:1      | MTVSty1e the Gargoyle Fighter began the quest for the Orb.
     0 | D:1      | Reached XP level 1. HP: 14/14 MP: 1/1
    90 | D:1      | Found a faded altar of an unknown god.
   350 | D:1      | Reached XP level 2. HP: 19/19 MP: 2/2
   544 | D:1      | You fall into a shaft and drop 1 floor!
  1271 | D:2      | Reached XP level 3. HP: 7/24 MP: 1/3
  1860 | D:2      | Reached skill level 4 in Fighting
  2034 | D:3      | Slain by a jelly

Illustrated notes

Levels and vault maps discovered:
D:1:      psy_arrival_fountain, layout_loops_corners,
          ebering_ecumenical_altar_petrified, minmay_misc_feat_ornament
D:2:      layout_basic
D:3:      layout_loops_ring, nemelex_dance_club_becter

Skill      XL: |  1  2  3 |
---------------+----------+-----
Axes           | 2 3 |  3.1
Fighting       | 4 |  4.0
Armour         | |  3.2
Shields        | |  3.2

Action                   || total
-------------------------++-------
Melee: War axe           ||    13
       Hand axe          ||    57
Armor: Scale mail        ||    41
Dodge: Dodged            ||    30
Block: Buckler           ||    15
